 Dungeon Crawl Stone Soup version 0.29.1-1-gd02db6906a (webtiles) character file.

Game seed: 15598594719326013365

4 Icepheonix32 the Caller (level 1, 0/13 HPs)
             Began as a Merfolk Summoner on Oct 9, 2022.
             Slain by a kobold
             ... wielding a +0 dagger
              (3 damage)
             ... on level 1 of the Dungeon.
             The game lasted 00:00:24 (319 turns).

Icepheonix32 the Caller (Merfolk Summoner)           Turns: 319, Time: 00:00:24

Health: 0/13       AC:  2    Str:  8    XL:     1   Next: 60%
Magic:  1/3        EV: 12    Int: 14    God:
Gold:   6          SH:  0    Dex: 14    Spells: 3/4 levels left

rFire   . . .      SeeInvis .   e - +0 rapier
rCold   . . .      Faith    .   (no shield)
rNeg    . . .      Spirit   .   a - +0 robe
rPois   .          Reflect  .   (no helmet)
rElec   .          Harm     .   (no cloak)
rCorr   .          Rampage  .   (no gloves)
Will    .....                   (no boots)
Stlth   ++........              (no amulet)
HPRegen 0.04/turn               (no ring)
MPRegen 0.08/turn               (no ring)

@: no status effects
A: (nimble swimmer 2), mertail
a: no special abilities


You were on level 1 of the Dungeon.
You visited 1 branch of the dungeon, and saw 1 of its levels.

You collected 6 gold pieces.

Inventory:

Hand Weapons
 e - a +0 rapier (weapon)
Armour
 a - a +0 robe (worn)
Scrolls
 c - a scroll of enchant weapon {unknown}
 d - a scroll of acquirement {unknown}
 f - a scroll of identify {unknown}
 g - a scroll of fear {unknown}
Potions
 b - a potion of magic


   Skills:
 - Level 2.6 Dodging
 - Level 2.1 Stealth
 - Level 2.0 Spellcasting
 + Level 4.2 Summonings


You had 3 spell levels left.
You knew the following spells:

 Your Spells              Type           Power      Damage    Failure   Level
a - Summon Small Mammal   Summ           52%        N/A       4%          1

Your spell library contained the following spells:

 Spells                   Type           Power      Damage    Failure   Level
 Call Imp                 Summ           13%        N/A       6%          2
 Call Canine Familiar     Summ           13%        N/A       13%         3
 Summon Guardian Golem    Hex/Summ       7%         N/A       30%         3
 Summon Lightning Spire   Summ/Air       7%         N/A       69%         4


Dungeon Overview and Level Annotations

Branches:
Dungeon (1/15)

Altars:


Innate Abilities, Weirdness & Mutations

((You are very nimble when in or above water. (Stealth+, EV+, Speed+++)))
Your lower body shifts to a powerful aquatic tail in water.


Message History

Your bat hits the kobold.
Your quokka barely misses the quokka.
You hit the kobold.
The kobold is severely wounded.
Your bat completely misses the kobold.
The quokka closely misses your quokka. The kobold barely misses your quokka.
The kobold completely misses you.
Your quokka closely misses the kobold.
You closely miss the kobold.
The kobold is severely wounded.
Your bat barely misses the kobold.
The kobold closely misses your quokka. The kobold hits you but does no damage.
The quokka closely misses you.
Your quokka closely misses the kobold.
Your bat hits the kobold but does no damage.
You hit the kobold.
You kill the kobold!
Your bat barely misses the kobold.
The kobold hits your quokka with a +0 club.
The quokka bites you.
Your quokka closely misses the kobold.
The kobold hits your quokka with a +0 club.
Your bat hits the kobold but does no damage.
The quokka bites you.
Your quokka barely misses the kobold.
The quokka closely misses you.
The kobold hits your quokka with a +0 club.
Your quokka dies!
Your quokka's corpse disappears in a puff of smoke!
Things that are here:
a +0 dagger; 3 stones; a kobold corpse Your bat hits the kobold.
Casting: Summon Small Mammal (safe; 4% risk of failure)
Confirm with . or Enter, or press ? or * to list all spells.
Your bat closely misses the kobold.
The quokka barely misses you. The kobold misses you. x2
Your bat hits the kobold but does no damage.
Your bat hits the kobold. The kobold barely misses your bat.
You hit the kobold but do no damage.
The kobold is severely wounded.
Your bat closely misses the kobold.
The quokka bites you.
Your quokka bites the quokka.
The kobold hits you with a +0 club.
* * * LOW HITPOINT WARNING * * *
The kobold hits you with a +0 dagger.
You die...

........##..........##..
...##...................
##...................
.......................
........................
.##.....................
#..........<..r.......
............>.KrK......
...............@b......
##....................
#...................#
....................#
...##..........##....
... #....##....# .... .
.....##...... ...
.............. ..


You could see a quokka (ally target), 2 kobolds, a friendly quokka (summoned)
and a friendly bat (summoned).

Vanquished Creatures
  An endoplasm (D:1)
  A kobold (D:1)
2 creatures vanquished.

Vanquished Creatures (collateral kills)
  A giant cockroach (D:1)
1 creature vanquished.

Grand Total: 3 creatures vanquished

Notes
Turn   | Place    | Note
-------+----------+-------------------------------------------
     0 | D:1      | Icepheonix32 the Merfolk Summoner began the quest for the
                  | Orb.
     0 | D:1      | Reached XP level 1. HP: 13/13 MP: 3/3
   319 | D:1      | Slain by a kobold

Illustrated notes

Levels and vault maps discovered:
D:1:      dpeg_arrival_stonehenge_12_columns, layout_basic, serial_shops, shop,
          ebering_ecumenical_altar_sacrificial

Action                   || total
-------------------------++-------
Melee: Unarmed           ||    13
       Rapier            ||     4
       Punch             ||     1
 Cast: Summon Small Mamm ||     5
Armor: Robe              ||     4
Dodge: Dodged            ||    16
